Map: Dusk Towers

Players

Miszu - Winner!

  • Race: Terran Terran
  • League: Grandmaster

Tomatopunch

  • Race: Zerg Zerg
  • League: Master

VOD

Have the link to the VOD?

Description

Time

  • Played on: May 18, 2016, 12:59 p.m.
  • Length: 10:54
Show
View Real Time Build Order
Export as new Build Order

Miszu Terran - Winner!

Build Orders: Reaper Expand, Hellion Banshee 

Get SALT Encoding   

  12  0:00  SCV  
  13  0:13  SCV  
  14  0:17  Supply Depot  
  14  0:25  SCV  
  15  0:39  SCV  
  15  0:41  Barracks  
  16  0:47  Refinery  
  16  0:51  SCV  
  17  1:03  SCV  
  18  1:15  SCV  
  19  1:28  Orbital Command  
  19  1:30  Reaper  
  20  1:40  Command Center  
  20  1:49  Supply Depot  
  20  1:53  SCV  
  21  1:57  Refinery  
  21  2:06  SCV  
  21  2:08  Marine  
  23  2:14  Factory  
  23  2:18  SCV  
  24  2:30  SCV  
  24  2:33  Barracks Reactor  
  25  2:42  SCV  
  26  2:52  Orbital Command  
  26  2:54  SCV  
  26  2:57  Starport  
  27  3:06  SCV  
  28  3:13  Hellion x2  
  28  3:15  Barracks Tech Lab  
  28  3:18  SCV x2  
  34  3:30  SCV x2  
  35  3:34  Hellion x2  
  39  3:41  Barracks Reactor  
  39  3:42  SCV, Banshee  
  39  3:46  SCV  
  44  3:52  Command Center  
  44  3:54  SCV  
  45  3:58  SCV  
  45  4:01  Supply Depot  
  46  4:06  Refinery  
  46  4:07  Refinery  
  46  4:22  SCV x2  
  46  4:23  Hellion x2  
  52  4:24  Barracks Reactor  
  52  4:28  Barracks Tech Lab  
  52  4:34  SCV  
  52  4:35  SCV, Armory  
  54  4:47  Liberator x2  
  54  4:52  Supply Depot  
  54  4:55  Supply Depot  
  54  5:04  SCV x2  
  54  5:05  Orbital Command  
  62  5:13  Starport  
  62  5:15  Starport, Fusion Core  
  62  5:16  SCV x2  
  64  5:24  Terran Ship Weapons Level 1  
  64  5:28  Hellion x2, SCV x2, Orbital Command  
  70  5:31  Liberator x2  
  70  5:40  SCV  
  70  5:41  SCV  
  78  5:52  SCV  
  78  5:54  SCV  
  78  5:55  SCV  
  81  5:59  Refinery  
  81  6:02  Refinery  
  81  6:04  SCV  
  81  6:06  SCV  
  81  6:07  SCV  
  81  6:08  Supply Depot  
  81  6:09  Hellion x8  
  84  6:13  Supply Depot  
  84  6:15  Liberator  
  84  6:16  SCV  
  84  6:17  Liberator  
  85  6:27  SCV x2  
  85  6:29  Banshee x2  
  90  6:32  Supply Depot  
  90  6:35  Supply Depot  
  90  6:36  SCV  
  90  6:39  SCV  
  98  6:40  Engineering Bay  
  98  6:42  SCV  
  99  6:48  SCV  
  99  6:51  SCV  
  101  6:54  SCV  
  101  6:55  Liberator  
  101  7:00  SCV, Liberator x2  
  100  7:03  SCV  
  100  7:06  Missile Turret  
  100  7:07  Starport, Missile Turret  
  100  7:08  Starport  
  101  7:10  Missile Turret  
  101  7:12  Supply Depot  
  101  7:14  Supply Depot, Missile Turret  
  107  7:16  Banshee  
  107  7:20  SCV x2  
  107  7:21  SCV  
  116  7:32  SCV  
  116  7:34  SCV x2  
  116  7:37  Supply Depot, Hellion  
  119  7:38  Supply Depot, Hellion, Liberator  
  119  7:39  Supply Depot  
  119  7:43  Liberator  
  123  7:44  Starport Tech Lab, SCV  
  123  7:45  Starport Tech Lab  
  123  7:46  SCV x2  
  126  7:56  SCV  
  130  7:59  Banshee  
  130  8:00  Liberator  
  130  8:02  Hyperflight Rotors  
  136  8:06  Command Center  
  135  8:13  Command Center  
  135  8:17  Banshee  
  141  8:28  Command Center  
  141  8:31  Supply Depot x2  
  141  8:32  Supply Depot, Banshee  
  141  8:33  Liberator  
  141  8:34  Terran Ship Weapons Level 2  
  144  8:37  Hellion x2  
  144  8:38  Banshee  
  144  8:40  Armory  
  154  8:56  Supply Depot  
  154  9:00  Banshee x2  
  154  9:01  Liberator x2  
  157  9:10  Liberator  
  166  9:34  Liberator  
  166  9:35  Liberator  
  157  9:52  Banshee  
  88  10:21  Viking  
  153  10:22  Orbital Command  
Show
View Real Time Build Order
Export as new Build Order

Tomatopunch Zerg 

Build Orders: Hatch First 

Get SALT Encoding   

  12  0:02  Drone  
  13  0:12  Overlord  
  13  0:16  Drone  
  14  0:30  Drone x2  
  16  0:37  Drone  
  17  0:53  Hatchery  
  17  0:56  Drone  
  17  0:57  Drone  
  17  1:00  Extractor  
  17  1:13  Spawning Pool  
  17  1:15  Drone  
  17  1:19  Drone  
  18  1:28  Drone  
  19  1:38  Overlord  
  19  2:02  Metabolic Boost, Queen  
  19  2:03  Zergling x4  
  19  2:06  Queen, Drone  
  26  2:11  Drone  
  27  2:17  Drone  
  27  2:22  Drone  
  29  2:30  Drone  
  29  2:34  Overlord  
  30  2:38  Queen  
  30  2:41  Drone  
  33  2:45  Drone  
  33  2:48  Drone  
  35  2:56  Drone  
  36  2:59  Drone  
  37  3:05  Overlord  
  37  3:09  Drone  
  37  3:12  Drone x3  
  41  3:15  Lair  
  41  3:18  Queen  
  43  3:23  Drone  
  43  3:24  Drone x3  
  47  3:36  Extractor  
  47  3:37  Extractor, Drone x2  
  47  3:44  Drone x2  
  47  3:45  Hatchery  
  47  3:46  Drone x2  
  47  3:47  Drone  
  51  3:49  Extractor  
  51  3:50  Drone  
  51  3:53  Overlord  
  51  4:00  Drone  
  51  4:02  Spore Crawler  
  51  4:04  Spore Crawler  
  51  4:07  Drone  
  51  4:08  Drone  
  52  4:15  Drone  
  53  4:17  Spire, Drone  
  53  4:20  Drone  
  53  4:21  Drone  
  55  4:25  Overlord  
  55  4:27  Zergling x2  
  55  4:29  Zergling x2  
  57  4:33  Zergling x2  
  57  4:34  Zergling x2  
  57  4:36  Zergling x2  
  60  4:44  Zergling x4  
  60  4:45  Zergling x2  
  63  4:47  Overlord  
  63  4:51  Zergling x4, Spine Crawler  
  64  4:53  Overlord  
  64  4:54  Overseer  
  64  4:58  Queen  
  66  5:03  Overlord  
  65  5:25  Drone  
  66  5:31  Mutalisk x7  
  66  5:32  Mutalisk  
  81  5:43  Evolution Chamber x2  
  81  5:45  Drone  
  81  5:47  Drone  
  81  5:48  Roach Warren  
  81  5:49  Drone  
  81  5:51  Drone  
  81  5:53  Drone  
  81  5:56  Drone x2  
  85  5:59  Overlord  
  85  6:02  Drone  
  87  6:04  Drone  
  87  6:05  Drone  
  88  6:12  Drone  
  88  6:16  Overlord  
  89  6:19  Drone x4  
  89  6:24  Drone  
  89  6:25  Drone  
  95  6:32  Glial Reconstitution, Zerg Missile Weapons Level 1, Zerg Ground Armor Level 1  
  93  6:44  Hatchery  
  93  6:45  Drone x2  
  93  6:48  Extractor  
  93  6:49  Extractor, Drone  
  93  6:54  Drone  
  93  6:57  Drone x3  
  96  7:02  Overlord  
  96  7:04  Drone  
  96  7:05  Drone x3  
  100  7:09  Drone x2  
  100  7:10  Drone x2  
  100  7:14  Drone  
  105  7:17  Overlord x2  
  105  7:22  Roach x2  
  109  7:28  Corruptor x2  
  113  7:31  Overlord  
  113  7:35  Corruptor  
  115  7:39  Zerg Flyer Armor Level 1  
  115  7:42  Drone  
  115  7:43  Corruptor  
  118  7:49  Corruptor  
  118  7:50  Corruptor  
  122  7:51  Corruptor  
  122  7:53  Drone  
  122  7:56  Overlord  
  125  8:01  Roach  
  125  8:02  Roach x2  
  125  8:03  Roach  
  133  8:12  Roach x5  
  143  8:18  Roach  
  145  8:21  Roach  
  147  8:27  Drone  
  147  8:28  Overlord x2, Drone x3  
  147  8:33  Infestation Pit  
  150  8:34  Overlord, Hatchery  
  150  8:38  Zerg Missile Weapons Level 2  
  149  8:43  Roach  
  149  8:44  Overlord x2  
  149  8:48  Roach  
  153  8:50  Pneumatized Carapace  
  153  8:55  Roach x5  
  163  8:56  Roach  
  163  9:02  Overlord  
  165  9:06  Roach  
  165  9:07  Roach x2  
  165  9:08  Roach x2  
  157  9:11  Corruptor x2  
  157  9:15  Ravager x4  
  157  9:16  Ravager x2  
  163  9:17  Ravager  
  163  9:22  Roach  
  160  9:25  Roach  
  160  9:26  Roach x2  
  164  9:32  Roach  
  164  9:33  Roach  
  164  9:34  Roach  
  157  9:49  Corruptor x2  
  157  9:50  Corruptor  
  149  10:00  Corruptor  
  149  10:12  Corruptor x2  
Tags
 
Add a new tag
Caveats
  • Supply blocks, unpowered buildings, or Contaminate may cause inaccurate times.
  • Supply counts are checked every 10 seconds.